 Dungeon Crawl Stone Soup version 0.29-a0-284-gf9362112df (webtiles) character file.

Game seed: 16790066950292251567

155 spaghetti the Covert (level 5, 3/47 HPs)
             Began as a Gnoll Delver on Mar 28, 2022.
             Quit the game on level 6 of the Dungeon.
             The game lasted 00:01:02 (426 turns).

spaghetti the Covert (Gnoll Delver)                  Turns: 426, Time: 00:01:03

Health: 3/47       AC:  3    Str: 11    XL:     5   Next: 37%
Magic:  7/7        EV: 13    Int: 12    God:
Gold:   50         SH:  0    Dex: 13    Spells: 6/6 levels left

rFire   . . .      SeeInvis .   a - +0 short sword {short}
rCold   . . .      Faith    .   (no shield)
rNeg    . . .      Spirit   .   b - +0 leather armour
rPois   .          Reflect  .   (no helmet)
rElec   .          Harm     .   (no cloak)
rCorr   .          Rampage  .   (no gloves)
Will    .....                   (no boots)
Stlth   ++++......              (no amulet)
HPRegen 0.15/turn               (no ring)
MPRegen 0.10/turn               (no ring)

@: lethally poisoned (3 -> -2), hasted and slowed
A: fangs 1, strong nose, distributed training
a: no special abilities


You were on level 6 of the Dungeon.
You visited 1 branch of the dungeon, and saw 2 of its levels.

You collected 50 gold pieces.


Innate Abilities, Weirdness & Mutations

You have very sharp teeth.
Your uncanny sense of smell can sniff out nearby items.
Your experience applies equally to all skills.


   Skills:
 + Level 6.7 Fighting
 + Level 4.8 Short Blades
 + Level 1.4 Long Blades
 + Level 1.4 Axes
 + Level 1.4 Maces & Flails
 + Level 1.4 Polearms
 + Level 1.4 Staves
 + Level 1.4 Slings
 + Level 1.4 Bows
 + Level 1.4 Crossbows
 + Level 1.4 Throwing
 + Level 1.4 Armour
 + Level 4.8 Dodging
 + Level 9.7 Stealth
 + Level 1.4 Shields
 + Level 1.4 Unarmed Combat
 + Level 1.4 Spellcasting
 + Level 1.1 Conjurations
 + Level 1.1 Hexes
 + Level 1.1 Summonings
 + Level 1.1 Necromancy
 + Level 1.1 Translocations
 + Level 1.1 Transmutations
 + Level 1.1 Fire Magic
 + Level 1.1 Ice Magic
 + Level 1.1 Air Magic
 + Level 1.1 Earth Magic
 + Level 1.1 Poison Magic
 + Level 1.6 Invocations
 + Level 1.4 Evocations


You had 6 spell levels left.
You didn't know any spells.
Your spell library contained the following spells:

 Spells                   Type           Power      Damage    Failure   Level
 Slow                     Hex            12%        N/A       24%         1
 Confusing Touch          Hex            3%         N/A       56%         3
 Vampiric Draining        Necr           3%         2d6       56%         3

Inventory:

Hand Weapons
 a - a +0 short sword (weapon) {short}
Armour
 b - a +0 leather armour (worn)
Wands
 g - a wand of digging (3)
Scrolls
 c - a scroll of fog
 d - a scroll of magic mapping {!r}
 i - a scroll of teleportation {@r4}

Dungeon Overview and Level Annotations

Branches:
Dungeon (6/15)             Temple (0/1) D:6

Altars:

Annotations:
D:6 exclusion: orc priest

####.... #
##.#..####.# #
#........#.##.
#
#............
##.#
#....#.#...#
...#
#...#.#.#..#
####
#..#.#.#.#.# #
#...#.>.#..# #
#..#.#.#@#.# #
#...#.#.#..# #
#...?#.# .gg..
# #......
.....# #
#.|... ...g.#
# ..[..K
##...# # ##...
∆ #.... # ##..
#...


You could see 3 gnolls and a kobold.


Message History

You skewer the ogre like a kebab!!!
You kill the ogre!
Your Conjurations skill increases to level 1!
Your Hexes skill increases to level 1!
Your Summonings skill increases to level 1!
Your Necromancy skill increases to level 1!
Your Translocations skill increases to level 1!
Your Transmutations skill increases to level 1!
Your Fire Magic skill increases to level 1!
Your Ice Magic skill increases to level 1!
Your Air Magic skill increases to level 1!
Your Earth Magic skill increases to level 1!
Your Poison Magic skill increases to level 1!
You have reached level 5! 😎 HP[+6]
You now have 47 max hp (+6).
Your hp is fully restored (47).
A wraith comes into view.
You see here 2 scrolls labelled OTEPHO KEIRCH. 😎 MP[+2]
Your mp is fully restored (7).
i - 2 scrolls labelled OTEPHO KEIRCH You hit the wraith but do no damage.
You bite the wraith, but do no damage. The wraith barely misses you.
You hit the wraith. Your punch misses the wraith. The wraith hits you!
The wraith drains your vigour!
You feel yourself slow down. 😕 HP[-8]
You take 8 damage, and now have 39/47 hp.
You hit the wraith but do no damage. The wraith closely misses you.
You closely miss the wraith. The wraith closely misses you.
The wraith hits you! The wraith drains your vigour!
You feel as though you will be slow longer. 😮 HP[-10]
You take 10 damage, and now have 29/47 hp.
MASSIVE DAMAGE!! (PAUSE)
You hit the wraith. The wraith hits you!
* * * LOW HITPOINT WARNING * * *
The wraith drains your vigour!
You feel as though you will be slow longer. 😨 HP[-10]
You take 10 damage, and now have 19/47 hp.
MASSIVE DAMAGE!! (PAUSE)
You feel yourself speed up. The wraith barely misses you.
The wraith attacks as you move away! The wraith closely misses you.
The wraith attacks as you move away! The wraith closely misses you.
The wraith attacks as you move away! The wraith hits you.
* * * LOW HITPOINT WARNING * * *
😨 HP[-2]
You take 2 damage, and now have 17/47 hp.
The wraith attacks as you move away! The wraith completely misses you.
The wraith attacks as you move away! The wraith hits you.
* * * LOW HITPOINT WARNING * * *
The wraith drains your vigour!
You feel as though you will be slow longer. 😨 HP[-4]
You take 4 damage, and now have 13/47 hp.
Okay, then.
As you read the scroll labelled CIECEB MIGOEPS, it crumbles to dust.
You hear a loud clanging noise!
It was a scroll of noise.
You hear an angry hiss.
The wraith misses you.
Unknown command.
As you read the scroll labelled OTEPHO KEIRCH, it crumbles to dust.
You feel strangely unstable.
It was a scroll of teleportation.
The wraith misses you.
Your surroundings suddenly seem different.
Found a staircase to the Ecumenical Temple. 😨 HP[+1] Unknown command.
A gnoll comes into view. It is wielding a +0 whip.
A gnoll comes into view. It is wielding a +0 spear.
A gnoll comes into view. It is wielding a +0 club.
The gnoll shouts! x3; You hear a shout!
You hear an angry hiss.
You hear a shout! x3
A kobold brigand comes into view.
It is wielding a +0 short sword and quivering poisoned darts.
Your extra speed is starting to run out.
You hear an angry hiss.
The gnoll hits you with a +0 whip!
* * * LOW HITPOINT WARNING * * *
The kobold brigand throws a poisoned dart.
The poisoned dart hits you!
You are lethally poisoned!
The gnoll completely misses you. 😱 HP[-9]
You take 9 damage, and now have 5/47 hp.
You aren't carrying any potions.
Okay, then.
As you read the scroll of fear, it crumbles to dust.
You assume a fearsome visage.
The gnoll looks frightened! x3
The kobold brigand looks frightened!
* * * LOW HITPOINT WARNING * * *
You feel sick.
A kobold comes into view. It is wielding a +0 dagger. 😱 HP[-2]
You take 2 damage, and now have 3/47 hp.
You are lethally poisoned (3 -> -2).
You are under both slowing and hasting effects.
Your movement speed is average.
Your attack delay is about 0.8.
Are you sure you want to abandon this character and quit the game? (Confirm with "yes".)

Skill      XL: |  1  2  3  4 |
---------------+-------------+-----
Stealth        | |  9.7
Invocations    | 1 |  1.6
Long Blades    | 1 |  1.4
Axes           | 1 |  1.4
Maces & Flails | 1 |  1.4
Polearms       | 1 |  1.4
Staves         | 1 |  1.4
Slings         | 1 |  1.4
Bows           | 1 |  1.4
Crossbows      | 1 |  1.4
Throwing       | 1 |  1.4
Armour         | 1 |  1.4
Shields        | 1 |  1.4
Unarmed Combat | 1 |  1.4
Spellcasting   | 1 |  1.4
Evocations     | 1 |  1.4
Conjurations   | 1 |  1.1
Hexes          | 1 |  1.1
Summonings     | 1 |  1.1
Necromancy     | 1 |  1.1
Translocations | 1 |  1.1
Transmutations | 1 |  1.1
Fire Magic     | 1 |  1.1
Ice Magic      | 1 |  1.1
Air Magic      | 1 |  1.1
Earth Magic    | 1 |  1.1
Poison Magic   | 1 |  1.1
Fighting       | |  6.7
Short Blades   | |  4.8
Dodging        | |  4.8

Action                   |  1- 3 |  4- 6 || total
-------------------------+-------+-------++-------
Melee: Short sword       |    19 |     6 ||    25
       Bite              |     1 |     1 ||     2
       Punch             |     1 |       ||     1
  Use: Scroll            |       |     3 ||     3
       Potion            |       |     1 ||     1
 Stab: Sleeping          |     2 |     1 ||     3
Armor: Leather armour    |     3 |       ||     3
Dodge: Dodged            |    11 |    10 ||    21

Levels and vault maps discovered:
D:5:      layout_loops_ring, kennysheep_okawaru_gauntlet, ashenzari_altar_1,
          gammafunk_temple_overflow_pools
D:6:      layout_loops_ring, nicolae_overflow_hidden_temple,
          minmay_temple_entry_grid, serial_aquarium, aquarium_bridge_straight
          [aquarium_subvault_bridge, aquarium_subvault_window,
          aquarium_subvault_bridge, aquarium_subvault_wall],
          aquarium_bridge_square [aquarium_subvault_wall,
          aquarium_subvault_bridge, aquarium_subvault_wall,
          aquarium_subvault_wall], aquarium_window_2,
          aquarium_window_corridor_2, aquarium_window_2, aquarium_window_2,
          aquarium_view_2f

Notes
Turn   | Place    | Note
-------+----------+-------------------------------------------
     0 | D:5      | Reached skill level 9 in Stealth
     0 | D:5      | spaghetti the Gnoll Delver began the quest for the Orb.
     0 | D:5      | Reached XP level 1. HP: 23/23 MP: 1/1
     0 | D:5      | magus.rc [v1.9.6]
    11 | D:5      | You pick up a book of Debilitation and begin reading...
    11 | D:5      | You add the spells Slow, Vampiric Draining and Confusing
                  | Touch to your library.
    46 | D:6      | Noticed a jelly
    49 | D:6      | Killed a jelly
    50 | D:6      | Reached XP level 2. HP: 29/29 MP: 2/2
    50 | D:6      | Reached XP level 3. HP: 35/35 MP: 3/3
   125 | D:6      | Noticed an orc warrior
   186 | D:6      | Reached skill level 1 in Invocations
   291 | D:6      | Reached skill level 1 in Long Blades
   291 | D:6      | Reached skill level 1 in Axes
   291 | D:6      | Reached skill level 1 in Maces & Flails
   291 | D:6      | Reached skill level 1 in Polearms
   291 | D:6      | Reached skill level 1 in Staves
   291 | D:6      | Reached skill level 1 in Slings
   291 | D:6      | Reached skill level 1 in Bows
   291 | D:6      | Reached skill level 1 in Crossbows
   291 | D:6      | Reached skill level 1 in Throwing
   291 | D:6      | Reached skill level 1 in Armour
   291 | D:6      | Reached skill level 1 in Shields
   291 | D:6      | Reached skill level 1 in Unarmed Combat
   291 | D:6      | Reached skill level 1 in Spellcasting
   291 | D:6      | Reached skill level 1 in Evocations
   291 | D:6      | Reached XP level 4. HP: 41/41 MP: 5/5
   304 | D:6      | Noticed an ogre
   309 | D:6      | Killed an ogre
   310 | D:6      | Reached skill level 1 in Conjurations
   310 | D:6      | Reached skill level 1 in Hexes
   310 | D:6      | Reached skill level 1 in Summonings
   310 | D:6      | Reached skill level 1 in Necromancy
   310 | D:6      | Reached skill level 1 in Translocations
   310 | D:6      | Reached skill level 1 in Transmutations
   310 | D:6      | Reached skill level 1 in Fire Magic
   310 | D:6      | Reached skill level 1 in Ice Magic
   310 | D:6      | Reached skill level 1 in Air Magic
   310 | D:6      | Reached skill level 1 in Earth Magic
   310 | D:6      | Reached skill level 1 in Poison Magic
   310 | D:6      | Reached XP level 5. HP: 47/47 MP: 5/7
   388 | D:6      | Noticed a wraith
   417 | D:6      | Found a staircase to the Ecumenical Temple.
   424 | D:6      | Noticed a kobold brigand
   424 | D:6      | HP: 5/47 [gnoll/+0 whip (10)]
   426 | D:6      | Quit the game

Vanquished Creatures
  An ogre (D:6)
  A jelly (D:6)
  An iguana (D:6)
  An adder (D:6)
  A white imp (D:6)
5 creatures vanquished.

Vanquished Creatures (others)
  14 fungi (D:6)
14 creatures vanquished.

Grand Total: 19 creatures vanquished

Table legend:
 A = Non-vault XP
 B = Vault XP
 C = Vault XP percentage of total XP
 D = Non-vault monster count
 E = Vault monster count
 F = Vault count percentage of total count
                 A         B        C        D         E       F
            +---------+---------+-------+---------+---------+-------
      Total |     222 |       0 |   0.0 |       5 |       0 |   0.0
            +---------+---------+-------+---------+---------+-------
        D:6 |     222 |       0 |   0.0 |       5 |       0 |   0.0
            +---------+---------+-------+---------+---------+-------

Illustrated notes

Table legend:
 A = Kills in this place as a percentage of kills in entire the game.
 B = Kills by you in this place as a percentage of kills by you in the entire game.
 C = Kills by friends in this place as a percentage of kills by friends in the entire game.
 D = Other kills in this place as a percentage of other kills in the entire game.
 E = Experience gained in this place as a percentage of experience gained in the entire game.
 F = Experience gained in this place divided by the number of levels of this place that you have seen.
                   A       B       C       D       E      F
               +-------+-------+-------+-------+-------+----------------------
         Total | 100.0 | 100.0 |   N/A |   N/A | 100.0 | 111.0
       Dungeon | 100.0 | 100.0 |   N/A |   N/A | 100.0 | 111.0
               +-------+-------+-------+-------+-------+----------------------

Table legend: (Time is in decaauts)
 A = Elapsed time spent in this place.
 B = Non-inter-level travel time spent in this place.
 C = Inter-level travel time spent in this place.
 D = Time resting spent in this place.
 E = Time spent auto-exploring this place.
 F = Levels seen in this place.
 G = Mean time per level.
                   A        B        C        D        E       F      G
               +--------+--------+--------+--------+--------+-----+--------+
         Total |    424 |    416 |      8 |      0 |    329 |   2 |  212.0 |
       Dungeon |    424 |    416 |      8 |      0 |    329 |   2 |  212.0 |
               +--------+--------+--------+--------+--------+-----+--------+

Top non-repeatable levels by time:
     D:6: 404 daAuts
     D:5: 20 daAuts
